 Dungeon Crawl Stone Soup version 0.18.1-48-g4cf74bf (webtiles) character file.

13398 Galewin the Cleaver (level 11, -1/89 HPs)
             Began as a Demonspawn Berserker on July 31, 2016.
             Was a High Priest of Trog.
             Slain by a polar bear simulacrum (7 damage)
             ... in an ice cave.
             The game lasted 00:32:42 (10386 turns).

Galewin the Cleaver (Demonspawn Berserker)         Turns: 10386, Time: 00:32:43

Health: -1/89      AC: 25    Str: 30    XL:     11   Next: 75%
Magic:  0/11       EV: 11    Int:  9    God:    Trog [*****.]
Gold:   794        SH:  2    Dex: 16    Spells: 0 memorised, 10 levels left

rFire  + . .     SeeInvis .     A - +3 war axe (protect)
rCold  . . .     Gourm    .     n - +0 plate armour
rNeg   . . .     Faith    .     (no shield)
rPois  .         Spirit   +     s - +0 helmet
rElec  .         Dismiss  .     G - +0 cloak
rCorr  +         Reflect  .     (no gloves)
SustAt .         Harm     .     H - +1 pair of boots "Raujuec" {+Inv Dex+3 Stlth+}
MR     .....                    o - amulet of guardian spirit
Stlth  ..........               g - +5 ring of strength
                                e - ring of resist corrosion

@: mighty, not resistant to hostile enchantments, extremely unstealthy
A: large bone plates 1, fire resistance 1, powered by pain 1
a: Berserk, Trog's Hand, Brothers in Arms, Burn Spellbooks, Renounce Religion,
Evoke Invisibility


You were in an ice cave.
You worshipped Trog.
Trog was extremely pleased with you.
You were not hungry.

You visited 1 branch of the dungeon, and saw 11 of its levels.
You also visited: Bailey and Ice Cave.

You collected 794 gold pieces.

Inventory:

Hand Weapons
 A - a +3 war axe of protection (weapon)
Armour
 n - a +0 plate armour (worn)
 s - a +0 helmet (worn)
 G - a +0 cloak (worn)
 H - the +1 pair of boots "Raujuec" (worn) {+Inv Dex+3 Stlth+}
   (You found it in a bailey)

   It affects your dexterity (+3).
   It lets you turn invisible.
   It makes you more stealthy.
Jewellery
 e - a ring of resist corrosion (left hand)
 g - a +5 ring of strength (right hand)
 o - an amulet of guardian spirit (around neck)
 I - a cursed ring of loudness {unknown}
Wands
 d - a wand of paralysis (10/24)
 i - a wand of enslavement (14/24)
 B - a wand of digging (20/24)
Scrolls
 f - 6 scrolls of remove curse
 q - 2 scrolls of magic mapping {unknown}
 v - 3 scrolls of identify
 w - 5 scrolls of teleportation
 y - a scroll of vulnerability {unknown}
 C - a scroll of fog
 E - a scroll of summoning
Potions
 a - a potion of magic {unknown}
 k - 5 potions of haste
 l - a potion of invisibility {unknown}
 m - 5 potions of agility
 p - 3 potions of ambrosia {unknown}
 r - a potion of cancellation {unknown}
 t - 2 potions of might {unknown}
 u - 2 potions of curing
 x - a potion of resistance {unknown}
 z - 2 potions of lignification {unknown}
 F - a potion of heal wounds {unknown}
 J - 2 potions of flight {unknown}
Comestibles
 b - 2 meat rations
 c - 11 bread rations
 h - 5 beef jerkies
 j - 7 fruits
 D - 6 slices of pizza


   Skills:
 + Level 9.3 Fighting
 * Level 12.2 Axes
 + Level 8.2 Armour
 + Level 5.4 Dodging
 + Level 2.4 Unarmed Combat


You had 10 spell levels left.
You didn't know any spells.

Dungeon Overview and Level Annotations

Branches:
Dungeon (11/15)            Temple (0/1) D:7            Lair (0/8) D:10
    Orc (0/2) D:10

Altars:
Cheibriados
Dithmenos
Fedhas
Gozag
Kikubaaqudgha
Makhleb
Nemelex Xobeh
Qazlal
Ru
Sif Muna
Trog
Vehumet
Yredelemnul
Zin
The Shining One

Shops:
D:4 *   D:9 (


Innate Abilities, Weirdness & Mutations

You are partially covered in large bone plates (AC +2, SH +2).
Your flesh is heat resistant.
You sometimes gain a little power by taking damage.


Message History

The wolf spider simulacrum hits you.
The wolf spider simulacrum freezes you!!
The wolf spider simulacrum closely misses you.
The wolf spider simulacrum hits you but does no damage.
The wolf spider simulacrum barely misses you.
You hit the wolf spider simulacrum.
The wolf spider simulacrum closely misses you.
The wolf spider simulacrum bites you but does no damage.
You slash the wolf spider simulacrum! You hit the polar bear simulacrum.
The wolf spider simulacrum hits you.
The wolf spider simulacrum freezes you!!
* * * LOW HITPOINT WARNING * * *
You focus on the pain.
You feel very mighty all of a sudden. The wolf spider simulacrum bites you.
* * * LOW HITPOINT WARNING * * *
The wolf spider simulacrum freezes you!
* * * LOW HITPOINT WARNING * * *
The polar bear simulacrum bites you!
You die...

.## ..##
...##
#...#
##...
#...#
##ZZ§##
##..@..##
#...∩...#
#.......#
##..∩..##
##...##
#####


You could see a polar bear simulacrum and a wolf spider simulacrum.

Vanquished Creatures
  A hill giant (D:10)
  Pikel (D:5)
  3 orc knights (Bailey)
  A cyclops (D:11)
  Maurice (D:8)
  The ghost of Situis the Skirmisher, a novice DsAK of Lugonu (D:6)
  2 trolls
  Grinder (D:5)
  A wyvern (D:8)
  A human (D:8)
  Eustachio (D:5)
  2 hungry ghosts (D:10)
  A hippogriff (D:8)
  Menkaure (D:5)
  Edmund (D:6)
  A water moccasin (D:6)
  8 sky beasts
  3 black bears
  11 orc warriors
  10 ice beasts
  2 eyes of draining (D:5)
  4 ogres
  6 phantoms
  2 centaurs
  The ghost of fischpferd the Covered, an amateur DsWn (D:3)
  A crocodile (D:10)
  A big kobold (D:7)
  7 giant frogs
  6 scorpions
  A water moccasin skeleton (D:6)
  11 killer bees
  2 troll zombies (D:10)
  2 howler monkeys
  2 electric eels (Bailey)
  A centaur zombie (D:10)
  6 crimson imps
  2 hounds
  2 giant frog zombies
  2 jellies
  5 orc priests
  A centaur skeleton (D:10)
  2 giant frog skeletons
  Crazy Yiuf (D:2)
  Jessica (D:3)
  2 iguanas
  10 orc wizards
  5 worker ants
  2 wolf simulacra (IceCv)
  6 ogre zombies (D:10)
  4 sheep (D:8)
  2 hound skeletons
  20 gnolls
  8 adders
  A howler monkey skeleton (D:10)
  2 hound simulacra (D:11)
  2 shadow imps
  A white imp (D:11)
  A worker ant simulacrum (D:11)
  2 oozes (D:3)
  An adder skeleton (D:4)
  2 worms
  8 giant geckos
  27 orcs
  2 ball pythons
  7 bats
  14 giant cockroaches
  20 goblins
  15 hobgoblins
  11 jackals
  14 kobolds
  11 quokkas
  9 giant newts
  2 goblin skeletons (D:10)
  2 goblin zombies (D:10)
  3 hobgoblin zombies (D:10)
  4 orc skeletons (D:10)
  14 orc zombies (D:10)
  6 rats
363 creatures vanquished.

Vanquished Creatures (collateral kills)
  An orc high priest (Bailey)
  A kobold demonologist (Bailey)
  An orc warrior (Bailey)
  An orc (Bailey)
4 creatures vanquished.

Vanquished Creatures (others)
  A sky beast (D:5)
  A worker ant (D:5)
  An adder zombie (D:5)
  A worm (D:5)
4 creatures vanquished.

Grand Total: 371 creatures vanquished

Notes
Turn   | Place    | Note
--------------------------------------------------------------
     0 | D:1      | Galewin the Demonspawn Berserker began the quest for the Orb.
     0 | D:1      | Reached XP level 1. HP: 18/18 MP: 1/1
    97 | D:1      | Reached skill level 3 in Axes
   245 | D:1      | Gained mutation: Your flesh is heat resistant. [demonic ancestry]
   245 | D:1      | Reached XP level 2. HP: 17/24 MP: 2/2
   441 | D:1      | Reached ** piety under Trog
   562 | D:1      | Reached XP level 3. HP: 21/29 MP: 3/3
   792 | D:2      | Reached skill level 4 in Axes
  1179 | D:2      | Found a deep blue altar of Sif Muna.
  1283 | D:2      | Noticed Crazy Yiuf
  1351 | D:2      | Killed Crazy Yiuf
  1351 | D:2      | Reached XP level 4. HP: 35/35 MP: 2/4
  1483 | D:2      | Reached *** piety under Trog
  2097 | D:3      | Gained mutation: You sometimes gain a little power by taking damage. [demonic ancestry]
  2097 | D:3      | Reached XP level 5. HP: 9/41 MP: 0/5
  2109 | D:3      | Reached skill level 5 in Axes
  2392 | D:3      | Found an opulent altar of Gozag.
  2484 | D:3      | Noticed Jessica
  2493 | D:3      | Killed Jessica
  2554 | D:3      | Noticed fischpferd's ghost (amateur DsWn)
  2571 | D:3      | Killed fischpferd's ghost
  2571 | D:3      | Gained mutation: You are partially covered in large bone plates (AC +2, SH +2). [demonic ancestry]
  2571 | D:3      | Reached XP level 6. HP: 48/48 MP: 4/6
  2576 | D:3      | Found a shadowy altar of Dithmenos.
  2961 | D:4      | Found a radiant altar of Vehumet.
  3039 | D:4      | Reached XP level 7. HP: 55/55 MP: 4/7
  3078 | D:4      | Found a burning altar of Makhleb.
  3147 | D:4      | Reached **** piety under Trog
  3166 | D:4      | Found Zin's Purification Station.
  3167 | D:4      | Found a glowing silver altar of Zin.
  3213 | D:4      | Reached skill level 6 in Axes
  3344 | D:4      | Found a sparkling altar of Nemelex Xobeh.
  3506 | D:5      | Entered Level 5 of the Dungeon
  3615 | D:5      | Noticed Menkaure
  3622 | D:5      | Killed Menkaure
  3662 | D:5      | Found a bloodstained altar of Trog.
  3698 | D:5      | Reached skill level 5 in Fighting
  3743 | D:5      | Reached skill level 7 in Axes
  3753 | D:5      | Reached XP level 8. HP: 39/62 MP: 3/8
  3803 | D:5      | Noticed Pikel
  3815 | D:5      | Killed Pikel
  3825 | D:5      | Found a sacrificial altar of Ru.
  3852 | D:5      | Reached skill level 8 in Axes
  3893 | D:5      | Noticed Eustachio
  3902 | D:5      | Killed Eustachio
  3902 | D:5      | Reached skill level 5 in Armour
  4035 | D:5      | Found a snail-covered altar of Cheibriados.
  4133 | D:5      | Found a glowing golden altar of the Shining One.
  4281 | D:5      | Found a stormy altar of Qazlal.
  4300 | D:5      | Noticed Grinder
  4305 | D:5      | Paralysed by Grinder for 5 turns
  4317 | D:5      | Paralysed by Grinder for 3 turns
  4325 | D:5      | Killed Grinder
  4325 | D:5      | Reached XP level 9. HP: 69/69 MP: 9/9
  4471 | D:5      | Found a basalt altar of Yredelemnul.
  4592 | D:6      | Noticed Situis's ghost (novice DsAK)
  4665 | D:6      | Killed Situis's ghost
  4665 | D:6      | Reached skill level 9 in Axes
  4849 | D:6      | Noticed Edmund
  4865 | D:6      | Killed Edmund
  5228 | D:6      | Found a blossoming altar of Fedhas.
  5342 | D:6      | Found an ancient bone altar of Kikubaaqudgha.
  5702 | D:7      | Found a staircase to the Ecumenical Temple.
  5767 | D:7      | Reached skill level 10 in Axes
  5825 | D:7      | Reached XP level 10. HP: 62/79 MP: 10/10
  5992 | D:7      | Reached ***** piety under Trog
  6310 | D:7      | Found a glowing golden altar of the Shining One.
  6550 | D:8      | Received a gift from Trog
  6611 | D:8      | Noticed Maurice
  6620 | D:8      | Paralysed by Maurice for 7 turns
  6632 | D:8      | Killed Maurice
  7820 | D:9      | Found a flagged portal.
  7830 | Bailey   | Entered a bailey
  7876 | Bailey   | Noticed an orc high priest
  7879 | Bailey   | Found an iron altar of Okawaru.
  7887 | Bailey   | Noticed an orange demon
  7894 | Bailey   | Reached skill level 11 in Axes
  7895 | Bailey   | Noticed a rust devil
  7895 | Bailey   | Noticed a sixfirhy
  7899 | Bailey   | Killed an orc high priest
  8100 | Bailey   | Noticed an orc knight
  8108 | Bailey   | Killed an orc knight
  8154 | Bailey   | Noticed an orc knight
  8182 | Bailey   | Killed an orc knight
  8182 | Bailey   | Reached XP level 11. HP: 77/87 MP: 3/11
  8399 | Bailey   | Noticed an orc knight
  8415 | Bailey   | Killed an orc knight
  8766 | Bailey   | Got a pair of faintly humming boots
  8768 | Bailey   | Identified the +1 pair of boots "Raujuec" {+Inv Dex+3 Stlth+} (You found it in a bailey)
  9202 | D:9      | Reached skill level 1 in Unarmed Combat
  9434 | D:9      | Found Danur's Antique Weapon Shoppe.
  9620 | D:10     | Entered Level 10 of the Dungeon
  9680 | D:10     | Found a staircase to the Lair.
  9686 | D:10     | Received a gift from Trog
  9888 | D:10     | Found a staircase to the Orcish Mines.
  9944 | D:10     | Reached skill level 5 in Dodging
 10064 | D:10     | Noticed a hill giant
 10072 | D:10     | Killed a hill giant
 10273 | D:11     | Reached skill level 12 in Axes
 10335 | D:11     | Found a frozen archway.
 10379 | IceCv    | Entered an ice cave
 10386 | IceCv    | Slain by a polar bear simulacrum

Skill      XL: |  1  2  3  4  5  6  7  8  9 10 11 |
---------------+----------------------------------+-----
Axes           | 3 4 5 7 8 10 11 12 | 12.2
Armour         | 2 3 4 5 6 7 8 |  8.2
Fighting       | 4 5 6 7 8 9 |  9.3
Dodging        | 4 5 |  5.4
Unarmed Combat | 2 |  2.4

Action                   |  1- 3 |  4- 6 |  7- 9 | 10-12 || total
-------------------------+-------+-------+-------+-------++-------
Melee: Hand axe          |   153 |   207 |   503 |   160 ||  1023
       War axe           |       |       |       |   501 ||   501
       Punch             |       |       |       |     3 ||     3
Invok: Berserk           |     3 |     4 |     8 |    10 ||    25
       Trog's Hand       |       |       |     1 |     1 ||     2
       Brothers in Arms  |       |       |       |     1 ||     1
       Burn Spellbooks   |       |       |       |     1 ||     1
  Use: Scroll            |     3 |    10 |     2 |     7 ||    22
 Stab: Sleeping          |     1 |       |       |       ||     1
       Distracted        |       |     1 |       |       ||     1
       Paralysed         |       |       |     1 |       ||     1
  Eat: Chunk             |     3 |    10 |    14 |    15 ||    42
       Fruit             |       |       |     4 |       ||     4
       Beef jerky        |       |       |     1 |       ||     1
       Pizza             |       |       |       |     2 ||     2
       Meat ration       |       |       |       |     3 ||     3
       Royal jelly       |       |       |       |     1 ||     1
Armor: Animal skin       |    27 |       |       |       ||    27
       Plate armour      |    40 |   110 |   240 |   306 ||   696
       Skin              |     1 |       |       |       ||     1
Dodge: Dodged            |   108 |    51 |   137 |   251 ||   547
Block: Other             |       |     4 |    27 |    39 ||    70
